[Event "Team 45 45 League T27"]
[Site "Free Internet Chess Server"]
[Date "2005.07.10"]
[Round "4"]
[White "cerebero"]
[Black "Atreus"]
[Result "1-0"]
[WhiteElo "1896"]
[BlackElo "1883"]
[TimeControl "2700+45"]

1. d4 Nf6 2. c4 g6 3. Nc3 d5 4. Nf3 Bg7 5. Qb3 dxc4 6. Qxc4 O-O 7. e4 Bg4 8. Ne5 Be6 9. d5 Bd7 10. Be2 Ne8 11. f4 Nd6 12. Qd3 c6 13. Nxd7 Qxd7 14. e5 Nf5 15. g4 Nh6 16. dxc6 Qxd3 17. cxb7 Qd7 18. bxa8=Q Nc6 19. Qxf8+ Bxf8 20. g5 Nf5 21. O-O Ncd4 22. Bg4 Qc6 23. Rf2 Nh4 24. Be3 Nhf3+ 25. Rxf3 Nxf3+ 26. Kf2 Nh4 27. Kg3 Qg2+ 28. Kxh4 Qxh2+ 29. Bh3 e6 30. Ne4 Qxb2 31. Nf6+ Kg7 32. Ne8+ Kg8 33. Rh1 Qxa2 34. Nf6+ Kg7 35. Bf1 a5 36. Kg4 h5+ 37. gxh6+ Kh8 38. Kf3 Qb1 39. Bg2 Qb7+ 40. Kf2 Qb2+ 41. Kg3 Qb3 42. Ng4 Bc5 43. Re1 Qc3 44. Rc1   {Black resigns} 1-0

[Event "Team 45 45 League T27"]
[Site "Free Internet Chess Server"]
[Date "PDT.07.0"]
[Round "4"]
[White "MGoo"]
[Black "JoeytheBudgie"]
[Result "0-1"]
[WhiteElo "1731"]
[BlackElo "1762"]
[TimeControl "2700+45"]

1. d4 Nf6 2. c4 g6 3. Nc3 Bg7 4. e4 d6 5. Be2 O-O 6. Bg5 h6 7. Be3 c6 8. h3 e5 9. d5 cxd5 10. cxd5 b6 11. Nf3 Ba6 12. O-O Bxe2 13. Qxe2 Nbd7 14. b4 Qe7 15. Nd2 Nh5 16. g3 a6 17. Rac1 b5 18. a4 bxa4 19. Nxa4 Rab8 20. Qxa6 Rxb4 21. Rc7 Nc5 22. Bxc5 Rxa4 23. Bxd6 Rxa6 24. Bxe7 Rfa8 25. Rfc1 Bf6 26. Nb3 Bxe7 27. Rxe7 Nf6 28. Rxe5 Ra4 29. Re1 Rb8 30. Nc5 Ra2 31. Re7 Rbb2 32. Nd3 Rd2 33. Re3 Kf8 34. Rc7 Ne8 35. Rc1 Nf6 36. Rc4 Ke7 37. Kg2 Nd7 38. Rd4 Ne5 39. Nxe5 Rxf2+ 40. Kg1 Rg2+ 41. Kf1 Rh2 42. Nf3 Rh1+ 43. Ng1 Ra1+ 44. Re1 Rxe1+ 45. Kxe1 Rxg1+ 46. Kf2 Rb1 47. e5 Rb3 48. h4 Rc3 49. Kg2 Re3 50. d6+ Kd7 51. Rd5 Re1 52. Kf3 Rf1+ 53. Kg4 Rf5 54. Kh3 f6 55. g4 Rxe5 56. Rd4 Re6 57. Kg3 Rxd6 58. Rxd6+ Kxd6 59. Kf4 Ke6 60. h5 gxh5 61. gxh5 f5   {White forfeits on time} 0-1

[Event "Team 45 45 League T27"]
[Site "Free Internet Chess Server"]
[Date "2005.07.10"]
[Round "4"]
[White "LLIAMAH"]
[Black "Galleta"]
[Result "1-0"]
[WhiteElo "1703"]
[BlackElo "1618"]
[TimeControl "2700+45"]

1. e4 d5 2. exd5 Qxd5 3. d3 e5 4. Nc3 Bb4 5. Bd2 Qc6 6. Nf3 Bg4 7. Be2 Nd7 8. O-O h5 9. Re1 O-O-O 10. a3 Be7 11. Ne4 f5 12. Neg5 Qg6 13. h4 f4 14. c4 Nh6 15. Bc3 Bf6 16. Ne4 Bxf3 17. Bxf3 Bxh4 18. Qb3 c6 19. c5 Nf5 20. Qa4 Ne3 21. Qxa7 Nb8 22. Bxe5 Na6 23. Qa8+ Kd7 24. Qxb7+ Ke8 25. Bxf4 Nd5 26. Ng5+ Kf8 27. Ne6+ Kg8 28. Nxd8 Nxf4 29. Nxc6 Nh3+ 30. Kh2 Nxf2 31. Ne7+ Bxe7 32. Rxe7 Nxc5 33. Qc8+ Kh7 34. Qxc5 Ng4+ 35. Kg1 Nf6 36. Kf2 Qxd3 37. Rd1 Qb3 38. Qf5+ Kh6 39. Re6 Qxb2+ 40. Kg3 Qb8+ 41. Kh3 g6 42. Qxf6 Rg8 43. Bxh5 Qb3+ 44. Bf3 Rg7   {Black resigns} 1-0

[Event "Team 45 45 League T27"]
[Site "Free Internet Chess Server"]
[Date "2005.07.10"]
[Round "4"]
[White "Pieris"]
[Black "alexeypopov"]
[Result "1-0"]
[WhiteElo "1591"]
[BlackElo "1530"]
[TimeControl "2700+45"]

1. e4 e5 2. f4 d6 3. Nf3 Bg4 4. Be2 Bxf3 5. Bxf3 exf4 6. O-O g5 7. d4 Nc6 8. Nc3 Bg7 9. Kh1 Nxd4 10. Bh5 Qe7 11. Nd5 Qd8 12. Bxf7+ Kxf7 13. Qh5+ Kf8 14. Bxf4 gxf4 15. Rxf4+ Nf6 16. Raf1 Ne6 17. Rxf6+ Bxf6 18. Rxf6+ Qxf6 19. Nxf6 Ke7 20. Nd5+   {Black resigns} 1-0

[Event "Team 45 45 League T27"]
[Site "Free Internet Chess Server"]
[Date "2005.07.10"]
[Round "4"]
[White "gonzolawyer"]
[Black "ButiOxa"]
[Result "1-0"]
[WhiteElo "1695"]
[BlackElo "1780"]
[TimeControl "2700+45"]

1. c4 Nf6 2. g3 c5 3. Bg2 g6 4. Nc3 Bg7 5. e3 O-O 6. Nge2 Nc6 7. O-O d6 8. Re1 Ne5 9. b3 Bg4 10. d4 Nf3+ 11. Bxf3 Bxf3 12. Qd2 Qc8 13. dxc5 Ne4 14. Nxe4 Bxa1 15. Ng5 Bc6 16. cxd6 Bf6 17. dxe7 Bxe7 18. e4 Qg4 19. f3 Qh5 20. Kg2 Rfd8 21. Qf4 Qxg5 22. Qxg5 Bxg5 23. Bxg5 Rd3 24. Bf6 a5 25. Nc3 a4 26. b4 h6 27. Rd1 Rxd1 28. Nxd1 g5 29. Nc3 a3 30. Kf2 Bd7 31. Nd5 Be6 32. Nc7 Rc8 33. Nxe6 fxe6 34. c5 Kf7 35. Be5 Rc6 36. Ke3 b6 37. Bd6 bxc5 38. Bxc5 e5 39. Kd3 Ke6 40. Kc4 Rc8 41. Kb3 Rd8 42. Kxa3 Rd3+ 43. Ka4 Rxf3 44. Kb5 Ra3 45. Kc6 Rxa2 46. b5 Rxh2 47. b6 h5 48. b7 Rb2 49. Kc7 Rxb7+ 50. Kxb7 h4 51. gxh4 gxh4 52. Bg1 Kf6 53. Kc6 Kg5 54. Kd5   {Black resigns} 1-0

[Event "Team 45 45 League T27"]
[Site "Free Internet Chess Server"]
[Date "2005.07.17"]
[Round "4"]
[White "threeNT"]
[Black "BIRDSMAN"]
[Result "1-0"]
[WhiteElo "1747"]
[BlackElo "1589"]
[TimeControl "2700+45"]

1. e4 c5 2. Nf3 e6 3. d4 cxd4 4. Nxd4 Nc6 5. Nc3 Nge7 6. Ndb5 Ng6 7. Be3 a6 8. Nd6+ Bxd6 9. Qxd6 Qe7 10. O-O-O O-O 11. Bc5 Re8 12. h4 Qxd6 13. Rxd6 Nge7 14. f4 b5 15. g4 Rb8 16. Bd3 Rd8 17. e5 Bb7 18. Be4 Nc8 19. Rd2 Na5 20. Rhd1 Bxe4 21. Nxe4 Nb7 22. Rxd7 Rxd7 23. Rxd7 h6 24. f5 exf5 25. gxf5 Nxc5 26. Nxc5 Nb6 27. Ra7 Nc4 28. e6 Re8 29. Rxa6   {Black resigns} 1-0

[Event "Team 45 45 League T27"]
[Site "Free Internet Chess Server"]
[Date "PDT.07.0"]
[Round "4"]
[White "Flodo"]
[Black "FusterCluck"]
[Result "1/2-1/2"]
[WhiteElo "1593"]
[BlackElo "1711"]
[TimeControl "2700+45"]

1. d4 d5 2. Bf4 Nf6 3. e3 Bf5 4. Nd2 e6 5. c3 c5 6. Bxb8 Rxb8 7. Qa4+ Nd7 8. Bb5 a6 9. Be2 Bd6 10. Ngf3 O-O 11. O-O h6 12. a3 Qc8 13. Rac1 b5 14. Qd1 c4 15. Nh4 Bh7 16. f4 Qc7 17. Qe1 f6 18. Qg3 e5 19. fxe5 fxe5 20. Qh3 e4 21. Nf5 Rxf5 22. Rxf5 Bxf5 23. Qxf5 Bxh2+ 24. Kh1 Nf6 25. Rf1 Bd6 26. Qg6 Rf8 27. Bg4 Qf7 28. Qxf7+ Rxf7 29. Be6 Kf8 30. Bxf7 Kxf7 31. g4 Ke6 32. Rg1 h5 33. gxh5 Nxh5 34. Nf1 Kf6 35. Kg2 a5 36. Kh3 b4 37. cxb4 axb4 38. axb4 Bxb4 39. Nh2 g5 40. Ng4+ Kg6 41. Ne5+ Kh6 42. Nf7+ Kg6 43. Nxg5 Kf5 44. Nf7 Ke6 45. Ne5 Bd2 46. Ng4 Ng7 47. Kg3 Nf5+ 48. Kf4 Nxd4 49. Rg2 Nf3 50. Nh2 Nxh2 51. Rxh2 c3 52. bxc3 Bxc3 53. Rc2 Be5+ 54. Kg5 Bf6+ 55. Kg6 Be5 56. Rc6+ Bd6 57. Kg5 Ke5 58. Rc8 Bb4 59. Re8+ Kd6 60. Kf5 Bd2 61. Kf4 Kc5 62. Rc8+ Kd6 63. Rc2 Bb4 64. Rb2 Bc5 65. Rb7 Ke6 66. Rb5 Bd6+ 67. Kg5 Bg3 68. Kg4 Bh2 69. Rb6+ Ke5 70. Rb8   {Game drawn by mutual agreement} 1/2-1/2

[Event "Team 45 45 League T27"]
[Site "Free Internet Chess Server"]
[Date "PDT.07.0"]
[Round "4"]
[White "BlkSabb"]
[Black "AlesD"]
[Result "1-0"]
[WhiteElo "1761"]
[BlackElo "1640"]
[TimeControl "2700+45"]

1. d4 d5 2. c4 e6 3. Nc3 Nf6 4. cxd5 Nxd5 5. Bd2 c6 6. e4 Nxc3 7. Bxc3 c5 8. Qb3 cxd4 9. O-O-O e5 10. Bc4 Qe7 11. Bd2 Nc6 12. f4 f6 13. fxe5 fxe5 14. Rf1 Nd8 15. Nf3 Qc7 16. Qb5+ Qc6 17. Nxe5 Qxb5 18. Bxb5+ Nc6 19. Nxc6 a6 20. Ba4 b5 21. Bb3 Bc5 22. Bf7+ Kd7 23. Ne5+ Kd6 24. Bd5 Ra7 25. Nf7+ Rxf7 26. Rxf7 Bd7 27. Bf4#   {Black checkmated} 1-0

[Event "Team 45 45 League T27"]
[Site "Free Internet Chess Server"]
[Date "2005.07.12"]
[Round "4"]
[White "rambovz"]
[Black "cerebero"]
[Result "0-1"]
[WhiteElo "1680"]
[BlackElo "1904"]
[TimeControl "2700+45"]

1. d4 Nf6 2. c4 g6 3. Nc3 d5 4. Nf3 Bg7 5. e3 O-O 6. Qc2 Nc6 7. a3 Bf5 8. Bd3 e6 9. Bd2 dxc4 10. Bxf5 gxf5 11. Qa4 e5 12. dxe5 Ne4 13. Rd1 Nc5 14. Qb5 Nd3+ 15. Ke2 Ncxe5 16. Nxe5 Nxe5 17. Bc1 Qh4 18. h3 b6 19. Rd4 Qh5+ 20. f3 Qg6 21. g4 fxg4 22. hxg4 c6 23. Qa4 b5 24. Qd1 Nd3 25. Re4 f5 26. gxf5 Qg2#   {White checkmated} 0-1

[Event "Team 45 45 League T27"]
[Site "Free Internet Chess Server"]
[Date "2005.07.13"]
[Round "4"]
[White "Sportsmen"]
[Black "CamyC"]
[Result "1-0"]
[WhiteElo "2244"]
[BlackElo "1995"]
[TimeControl "2700+45"]

1. e4 e5 2. Nf3 Nc6 3. d4 exd4 4. Nxd4 Nf6 5. Nc3 Bb4 6. Nxc6 bxc6 7. Bd3 d5 8. exd5 cxd5 9. O-O O-O 10. Bg5 Be6 11. Nb5 c6 12. Nd4 Bd6 13. Nxc6 Qc7 14. Bxf6 gxf6 15. Qh5 f5 16. Nd4 Be5 17. Nxf5 f6 18. Nh6+ Kh8 19. c3 Rab8 20. Rab1 d4 21. cxd4 Bxd4 22. b3 Rbd8 23. Rbd1 Rd5 24. Bf5 Qc5 25. Rc1 Qb5 26. Rc7   {Black resigns} 1-0

[Event "Team 45 45 League T27"]
[Site "Free Internet Chess Server"]
[Date "PDT.07.0"]
[Round "4"]
[White "mtjab"]
[Black "Louro"]
[Result "1-0"]
[WhiteElo "2064"]
[BlackElo "1996"]
[TimeControl "2700+45"]

1. d4 Nf6 2. Nc3 d5 3. Bg5 Bf5 4. e3 e6 5. Bd3 Bxd3 6. Qxd3 c6 7. Nf3 Be7 8. Bxf6 Bxf6 9. O-O Nd7 10. e4 g6 11. exd5 cxd5 12. Qe3 O-O 13. Rfe1 Qc7 14. Re2 Rfc8 15. Rae1 Bg7 16. Kh1 Qd6 17. Nb1 Rc6 18. c3 Rac8 19. Na3 a6 20. Qg5 b5 21. Nc2 a5 22. a3 Nb6 23. Qg4 Nc4 24. Ne3 Rb6 25. Ng5 h6 26. Nf3 b4 27. Nxc4 Rxc4 28. Nd2 Rc8 29. cxb4 axb4 30. a4 b3 31. a5 Rb4 32. Nf3 Ra4 33. Re3 Qb8 34. h4 Rxa5 35. Ne5 Bxe5 36. Rxe5 h5 37. Rxh5 Rc2 38. Rhe5 Qf8 39. h5 Qh6 40. Kg1 Rxb2 41. hxg6 f5 42. Qg3 Ra6 43. Qc3 Rc2 44. Qxb3 Raa2 45. Qb6 Qf4 46. Qxe6+ Kg7   {Black resigns} 1-0

[Event "Team 45 45 League T27"]
[Site "Free Internet Chess Server"]
[Date "PDT.07.0"]
[Round "4"]
[White "RussoTuristo"]
[Black "Motyl"]
[Result "1-0"]
[WhiteElo "1978"]
[BlackElo "1837"]
[TimeControl "2700+45"]

1. c4 Nf6 2. Nc3 e5 3. g3 Bc5 4. Bg2 d6 5. Na4 Nbd7 6. Nxc5 Nxc5 7. d3 O-O 8. h3 c6 9. e4 Qa5+ 10. Kf1 Be6 11. Bd2 Qa6 12. b3 Nxd3 13. Bc3 Nc5 14. Qxd6 Ncxe4 15. Bxe4 Nxe4 16. Qxe5 Nxc3 17. Qxc3 Rad8 18. Kg2 Rd7 19. Ne2 c5 20. Nf4 Rfd8 21. Rhe1 Bf5 22. Qe5 Qc6+ 23. Kh2 Rd2 24. Nd5 R2xd5 25. cxd5 Qd7 26. d6 b6 27. Qe7 Be6 28. Qxd7 Rxd7 29. Rad1 g6 30. f4 Kg7 31. Rd2 Kf6 32. g4 h6 33. Kg3 a6 34. h4 b5 35. g5+ hxg5 36. hxg5+ Kg7 37. Re5 c4 38. bxc4 bxc4 39. Rc5 f6 40. Rc7 Kf7 41. Rh2 Kg7 42. Rxd7+ Bxd7 43. Rc2 fxg5 44. fxg5 Be6 45. Rxc4 Kf7 46. Ra4 Bc8 47. Re4 Be6 48. a3 Bf5 49. Re7+ Kf8 50. Kf4 a5 51. Ke5 a4 52. Kf6   {Black resigns} 1-0

[Event "Team 45 45 League T27"]
[Site "Free Internet Chess Server"]
[Date "PDT.07.0"]
[Round "4"]
[White "Mekk"]
[Black "mandragora"]
[Result "0-1"]
[WhiteElo "1774"]
[BlackElo "1831"]
[TimeControl "2700+45"]

1. e4 e5 2. Nf3 Nc6 3. Bc4 Bc5 4. O-O Nf6 5. d3 h6 6. c3 d6 7. h3 O-O 8. b4 Bb6 9. a4 a6 10. Nbd2 Qe7 11. Re1 Be6 12. Qb3 Bxc4 13. Nxc4 Ba7 14. Be3 Bxe3 15. Nxe3 g6 16. b5 axb5 17. axb5 Rxa1 18. Rxa1 Nd8 19. Ra7 Ne6 20. Nd5 Nxd5 21. Qxd5 Nc5 22. Nd2 c6 23. Qc4 cxb5 24. Qxb5 Rc8 25. Kf1 Qg5 26. Ke2 Qxg2 27. Nb3 Nxb3 28. Qxb3 Qxh3 29. Rxb7 Qg4+ 30. Ke3 Qf4+ 31. Ke2 Qg4+ 32. Ke3 Rf8 33. Qd5 Qc8 34. c4 h5 35. Rb6 Qd8 36. Rxd6 Qg5+ 37. Ke2 h4 38. Ra6 h3 39. Ra1 h2 40. c5 Qh5+ 41. Ke3 h1=Q 42. Rxh1 Qxh1 43. Qxe5 Qh3+ 44. f3 Qd7 45. d4 Re8 46. Qf4 Ra8 47. d5 Qb5 48. c6 Qc5+ 49. Ke2 Ra2+ 50. Kd3 Ra3+ 51. Ke2 Qc2+ 52. Qd2 Qc4+ 53. Kf2 Ra2 54. Qxa2 Qxa2+ 55. Ke3 Qb3+ 56. Kf4 Qb4 57. Ke5 Qe7+ 58. Kd4 f6 59. f4 g5 60. fxg5 Qe5+ 61. Kc5 fxg5 62. Kb6 Qb8+ 63. Kc5 Kf7 64. e5 Qxe5   {White resigns} 0-1

[Event "Team 45 45 League T27"]
[Site "Free Internet Chess Server"]
[Date "2005.07.10"]
[Round "4"]
[White "daroos"]
[Black "Sportsmen"]
[Result "0-1"]
[WhiteElo "2005"]
[BlackElo "2229"]
[TimeControl "2700+45"]

1. d4 Nf6 2. c4 g6 3. Nc3 Bg7 4. e4 d6 5. f3 O-O 6. Be3 e5 7. d5 c6 8. Bd3 cxd5 9. cxd5 Nh5 10. Qd2 f5 11. Nge2 a6 12. O-O f4 13. Bf2 g5 14. h3 Nf6 15. a4 h5 16. a5 g4 17. hxg4 hxg4 18. Bb6 Qe8 19. fxg4 Nxg4 20. Rf3 Nd7 21. Nd1 Qh5 22. Rh3 Qg6 23. Kh1 Nxb6 24. axb6 Nf6 25. Nf2 Bxh3 26. gxh3 Rac8 27. Rg1 Qh5 28. Kh2 Kf7 29. Rc1 Qh4 30. Kg2 f3+ 31. Kxf3 Bh6   {White resigns} 0-1

[Event "Team 45 45 League T27"]
[Site "Free Internet Chess Server"]
[Date "PDT.07.0"]
[Round "4"]
[White "qire"]
[Black "maupasant"]
[Result "0-1"]
[WhiteElo "1983"]
[BlackElo "2015"]
[TimeControl "2700+45"]

1. e4 e6 2. d4 d5 3. Nd2 c5 4. c3 cxd4 5. cxd4 Nc6 6. Ngf3 dxe4 7. Nxe4 Nf6 8. Bd3 Bb4+ 9. Bd2 Bxd2+ 10. Qxd2 O-O 11. O-O h6 12. Qf4 Nd5 13. Qg3 Qd7 14. Rad1 Qe7 15. a3 Rd8 16. Rfe1 b6 17. Bb1 Ba6 18. Ne5 Rac8 19. Ng4 Kf8 20. Ne5 Nf6 21. Nxc6 Rxc6 22. Qf3 Nxe4 23. Qxe4 Bb7 24. Qh7 Qg5 25. Be4 Rd7 26. h4 Qf6 27. Qh8+ Ke7 28. Qb8 Rc8 29. Qg3 Bxe4 30. Rxe4 Kf8 31. Rf4 Qe7 32. Rg4 f5 33. Rg6 e5 34. Re1 Rxd4 35. Rxe5 Rc1+ 36. Kh2 Rxh4+ 37. Qxh4 Qxh4#   {White checkmated} 0-1

[Event "Team 45 45 League T27"]
[Site "Free Internet Chess Server"]
[Date "PDT.07.0"]
[Round "4"]
[White "ryoshu"]
[Black "Louro"]
[Result "1-0"]
[WhiteElo "1934"]
[BlackElo "1981"]
[TimeControl "2700+45"]

1. e4 c5 2. Nf3 d6 3. d4 cxd4 4. Nxd4 Nf6 5. Nc3 a6 6. Be3 e6 7. f3 Be7 8. Qd2 Nc6 9. O-O-O O-O 10. Kb1 Nxd4 11. Bxd4 e5 12. Be3 Be6 13. g4 Rc8 14. h4 Nd7 15. g5 b5 16. h5 Nb6 17. g6 b4 18. Nd5 Nxd5 19. exd5 Bf5 20. Bd3 hxg6 21. Rdg1 Qd7 22. hxg6 fxg6 23. Rxg6 Bxg6 24. Bxg6 Qd8 25. Bb6 Bg5 26. Qh2   {Black resigns} 1-0

[Event "Team 45 45 League T27"]
[Site "Free Internet Chess Server"]
[Date "2005.07.11"]
[Round "4"]
[White "RussoTuristo"]
[Black "CamyC"]
[Result "1/2-1/2"]
[WhiteElo "1990"]
[BlackElo "1995"]
[TimeControl "2700+45"]

1. c4 Nf6 2. Nc3 g6 3. e4 d6 4. d4 Bg7 5. h3 O-O 6. Bg5 Nbd7 7. Nf3 e5 8. d5 h6 9. Be3 Nc5 10. Nd2 Nh5 11. g4 Nf4 12. Nb3 Nxb3 13. axb3 Bd7 14. b4 c6 15. dxc6 Bxc6 16. b5 Bd7 17. Qxd6 Ne6 18. Rxa7 Nd4 19. Rxa8 Qxa8 20. Bd3 Rd8 21. Qa3 Nf3+ 22. Ke2 Nd4+ 23. Bxd4 exd4 24. Nd5 Qb8 25. Kf3 Be5 26. Kg2 Be6 27. b4 Qd6 28. Rf1 Qd7 29. f4 Bxd5 30. exd5 Bf6 31. Re1 Bh4 32. Re4 Re8 33. Kf3 f5 34. gxf5 Rxe4 35. Bxe4 gxf5 36. Bc2 Qf7 37. Qa8+ Kg7 38. Kg2 Qe7 39. Bd3 Qe3 40. Qxb7+ Be7 41. Bf1 Qe4+ 42. Kg1 Qe3+ 43. Kh1 Qe1 44. Kg1 Qe3+   {Game drawn by mutual agreement} 1/2-1/2

[Event "Team 45 45 League T27"]
[Site "Free Internet Chess Server"]
[Date "PDT.07.0"]
[Round "4"]
[White "zift"]
[Black "Aul"]
[Result "0-1"]
[WhiteElo "1556"]
[BlackElo "1537"]
[TimeControl "2700+45"]

1. e4 g6 2. d4 d6 3. c3 b6 4. Bf4 Bb7 5. Bd3 Bg7 6. Nf3 e6 7. Nbd2 Nc6 8. O-O e5 9. Be3 Nf6 10. d5 Ne7 11. c4 Ng4 12. Bg5 h6 13. Bxe7 Qxe7 14. h3 Nf6 15. Qa4+ Nd7 16. b4 O-O 17. Rac1 a5 18. b5 Nc5 19. Qc2 Nxd3 20. Qxd3 f5 21. exf5 Rxf5 22. Ne4 Raf8 23. Qe3 Rf4 24. Nh2 h5 25. g3 R4f5 26. Kg2 Kh7 27. Rc2 Bc8 28. f3 Qd7 29. Ng5+ Kh8 30. Ne6 R5f6 31. f4 exf4 32. Rxf4 Rxf4 33. gxf4 Bh6 34. Nxf8 Bxf8 35. Qd3 Kh7 36. Re2 Qf7 37. Qe3 Bh6 38. Kg3 h4+ 39. Kf3 Bf8 40. Qe8 Qf5 41. Ng4 Qd3+ 42. Re3 Bxg4+ 43. Kxg4 Qf5+ 44. Kf3 Qxh3+ 45. Ke4 Qf5+ 46. Kf3 Qh3+ 47. Ke4 Qf5+ 48. Kf3 Qh3+ 49. Ke4 Qg2+ 50. Kd3 Qf1+ 51. Ke4 Qxc4+ 52. Kf3 Qxd5+ 53. Kg4 Qg2+ 54. Rg3 Qxg3#   {White checkmated} 0-1

[Event "Team 45 45 League T27"]
[Site "Free Internet Chess Server"]
[Date "PDT.07.0"]
[Round "4"]
[White "thelovegambit"]
[Black "Berke"]
[Result "0-1"]
[WhiteElo "1488"]
[BlackElo "1524"]
[TimeControl "2700+45"]

1. e4 e5 2. Nf3 Nc6 3. Bb5 Nge7 4. O-O g6 5. d3 d6 6. Bg5 Bg4 7. Nc3 Qd7 8. Re1 Bg7 9. Re3 f6 10. Bh4 O-O 11. Qd2 Bh6 12. Qe2 a6 13. Bc4+ Kg7 14. h3 Nd4 15. Qd1 Bxe3 16. fxe3 Bxf3 17. gxf3 Qxh3 18. exd4 Qxh4 19. Ne2 exd4 20. Nxd4 Qg5+ 21. Kf2 Qc5 22. c3 b5 23. Ke2 Qe5 24. Ne6+ Kh8 25. Nxf8 bxc4 26. Nd7 Qh2+ 27. Ke3 cxd3 28. Nxf6 Rf8 29. Ng4 Qf4+ 30. Kf2 Qxg4 31. Qxd3 Qh4+ 32. Ke2 Qh2+ 33. Ke3 Qh6+ 34. Ke2 Qh2+ 35. Ke3 Qf4+ 36. Ke2 Kg7 37. Rf1 Nc6 38. Qxa6 Ne5 39. Qb7 Rf7 40. a4 Nc4 41. Qd5 Qe3+ 42. Kd1 Nxb2+ 43. Kc2 Nxa4 44. Qd4+ Qxd4 45. cxd4 Nb6 46. Kd3 h6 47. f4 Nd7 48. e5 dxe5   {White resigns} 0-1

[Event "Team 45 45 League T27"]
[Site "Free Internet Chess Server"]
[Date "2005.07.10"]
[Round "4"]
[White "twotowers"]
[Black "tjraczko"]
[Result "0-1"]
[WhiteElo "1610"]
[BlackElo "1622"]
[TimeControl "2700+45"]

1. Nf3 d5 2. g3 Nf6 3. Bg2 Nc6 4. O-O e6 5. d3 Be7 6. Nbd2 O-O 7. b3 b6 8. Bb2 Bb7 9. e4 dxe4 10. dxe4 Rb8 11. e5 Nd5 12. a3 Bg5 13. Nxg5 Qxg5 14. c4 Nde7 15. Ne4 Qf5 16. g4 Qf4 17. Qf3 Qxf3 18. Bxf3 Ng6 19. Be2 Ncxe5 20. Ng3 Nf4 21. Bxe5 Nh3#   {White checkmated} 0-1

[Event "Team 45 45 League T27"]
[Site "Free Internet Chess Server"]
[Date "2005.07.12"]
[Round "4"]
[White "Lamtarra"]
[Black "Woodchuck"]
[Result "1-0"]
[WhiteElo "1527"]
[BlackElo "1639"]
[TimeControl "2700+45"]

1. e4 c5 2. Nf3 d6 3. d3 Bg4 4. Nbd2 Nc6 5. c3 Nf6 6. g3 g6 7. Bg2 Bg7 8. O-O O-O 9. Re1 d5 10. h3 Be6 11. e5 Nd7 12. d4 cxd4 13. cxd4 f6 14. Nb3 fxe5 15. dxe5 Ndxe5 16. Nxe5 Nxe5 17. Qe2 Bf5 18. Qb5 Nd3 19. Bxd5+ e6 20. Bxe6+ Bxe6 21. Rxe6 Nxf2 22. Kg2 Nd3 23. Qxb7 Rf2+ 24. Kg1 Qf8 25. Be3 Rf3 26. Bf4 Nc5 27. Nxc5 Qxc5+ 28. Kh1 Rc8 29. Qxf3 Bxb2 30. Rae1 Qb5 31. Qb3 Qxb3 32. axb3 Ba3 33. Re8+ Rxe8 34. Rxe8+ Kf7 35. Re2 Bb4 36. Be3 a5 37. Kg2 Kf6 38. Bd2   {Black resigns} 1-0

[Event "Team 45 45 League T27"]
[Site "Free Internet Chess Server"]
[Date "2005.07.11"]
[Round "4"]
[White "xplan"]
[Black "mrmahoon"]
[Result "0-1"]
[WhiteElo "1524"]
[BlackElo "1548"]
[TimeControl "2700+45"]

1. e4 e5 2. Nf3 Nc6 3. Nc3 Nf6 4. Bb5 d6 5. d4 a6 6. Ba4 b5 7. Bb3 Be7 8. Bg5 Bg4 9. Bxf6 Bxf6 10. Bd5 Qd7 11. h3 Bh5 12. Qd3 Bxf3 13. Qxf3 Nxd4 14. Qd3 c6 15. Bb3 c5 16. Bd5 Rc8 17. O-O O-O 18. Ne2 c4 19. Qd2 Nxe2+ 20. Qxe2 a5 21. c3 Qc7 22. Qd2 Qb6 23. Qe2 Rb8 24. Kh1 Qd8 25. f4 exf4 26. Rxf4 Be5 27. Rf5 Qh4 28. Raf1 Qg3 29. Bxf7+ Rxf7 30. Rxe5 Rxf1+ 31. Qxf1 Qxe5 32. Qe2 Rf8 33. Kg1 d5 34. Qg4 dxe4   {White resigns} 0-1

[Event "Team 45 45 League T27"]
[Site "Free Internet Chess Server"]
[Date "PDT.07.0"]
[Round "4"]
[White "wook"]
[Black "evgenionegin"]
[Result "0-1"]
[WhiteElo "1552"]
[BlackElo "1588"]
[TimeControl "2700+45"]

1. d4 Nf6 2. c4 e6 3. Nc3 d5 4. e3 Nc6 5. Nf3 Be7 6. cxd5 exd5 7. Bd3 Nb4 8. O-O Nxd3 9. Qxd3 O-O 10. Re1 Bd7 11. Bd2 Re8 12. h3 c5 13. dxc5 Bxc5 14. Nxd5 Ne4 15. Rac1 Be6 16. Qxe4 Bxd5 17. Qf5 Bxf3 18. Qxf3 Qxd2 19. Rxc5 Qxe1+ 20. Kh2 Qb4 21. Rd5 Qe4 22. Qh5 Rad8 23. Rc5 Rd2 24. Rc7 Rxf2 25. Qg5 Qf5 26. Qxf5 Rxf5 27. Rxb7 Ra5 28. a3 g6 29. Rb3 a6 30. Kg3 Rb5 31. Rc3 Rxb2 32. Kf3 h5 33. Rc6 Rb3 34. Rxa6 Rexe3+ 35. Kf2 Rxa3   {White resigns} 0-1

[Event "Team 45 45 League T27"]
[Site "Free Internet Chess Server"]
[Date "2005.07.16"]
[Round "4"]
[White "zcomcon"]
[Black "Lofoten"]
[Result "1-0"]
[WhiteElo "1630"]
[BlackElo "1734"]
[TimeControl "2700+45"]

1. e4 e5 2. Nc3 Nf6 3. Bc4 Bc5 4. d3 O-O 5. f4 d5 6. exd5 Ng4 7. Nh3 exf4 8. Bxf4 Re8+ 9. Kd2 Ne3 10. Qf3 Bg4 11. Qg3 h5 12. Rae1 Nf5 13. Rxe8+ Qxe8 14. Qe1 Qd7 15. Bb5 c6 16. dxc6 Nxc6 17. Ng5 Re8 18. Nge4 Bb6 19. h3 Nd6 20. hxg4 Nxe4+ 21. Nxe4 Qxg4 22. Nf6+   {Black resigns} 1-0

[Event "Team 45 45 League T27"]
[Site "Free Internet Chess Server"]
[Date "2005.07.10"]
[Round "4"]
[White "SuperDiman"]
[Black "alexeypopov"]
[Result "1-0"]
[WhiteElo "1497"]
[BlackElo "1547"]
[TimeControl "2700+45"]

1. d4 d5 2. e3 Nf6 3. c4 dxc4 4. Bxc4 e6 5. Nc3 Be7 6. Bd2 O-O 7. h3 c6 8. Nf3 b5 9. Bd3 a5 10. Qc2 b4 11. Na4 g6 12. Ne5 Bb7 13. Nc4 Nbd7 14. e4 c5 15. e5 Nd5 16. f3 cxd4 17. Be4 Bh4+ 18. Ke2 Rc8 19. b3 Nxe5 20. f4 Nxf4+ 21. Bxf4 Bxe4 22. Qxe4 d3+ 23. Kd2 Nxc4+   {Black resigns} 1-0

[Event "Team 45 45 League T27"]
[Site "Free Internet Chess Server"]
[Date "PDT.07.0"]
[Round "4"]
[White "jjgsmm"]
[Black "Vinoblanca"]
[Result "1-0"]
[WhiteElo "1599"]
[BlackElo "1455"]
[TimeControl "2700+45"]

1. e4 e5 2. Nf3 Nc6 3. Bb5 d6 4. O-O Bg4 5. d3 Nf6 6. Bg5 Be7 7. Nbd2 O-O 8. c3 Nb8 9. Qc2 a6 10. Ba4 b5 11. Bb3 Nc6 12. Bxf6 Bxf6 13. Bd5 Qd7 14. h3 Bh5 15. Rfe1 Rab8 16. a3 Ne7 17. Ba2 Nc6 18. b3 Be7 19. d4 f5 20. exf5 Bxf3 21. Nxf3 exd4 22. Bb1 Bf6 23. cxd4 Nxd4 24. Nxd4 Bxd4 25. Ra2 Bf6 26. Qd3 d5 27. b4 Rfe8 28. Rae2 Rxe2 29. Rxe2 d4 30. Ba2+ Kf8 31. Be6 Qd6 32. Qb3 c5 33. bxc5 Qxc5 34. Rc2 Qe7 35. Qb4 Qxb4 36. axb4 Rb6 37. Rc8+ Ke7 38. Rc7+ Kd6 39. Rd7+ Ke5 40. f3 Kf4 41. Kf2 Ke5 42. g3 Rd6 43. f4+   {Black resigns} 1-0

[Event "Team 45 45 League T27"]
[Site "Free Internet Chess Server"]
[Date "2005.07.10"]
[Round "4"]
[White "KlassAct"]
[Black "phorku"]
[Result "1-0"]
[WhiteElo "1450"]
[BlackElo "1557"]
[TimeControl "2700+45"]

1. e4 d5 2. exd5 Nf6 3. Bc4 Nxd5 4. Nf3 Bg4 5. h3 Bh5 6. d4 Nc6 7. O-O Qd6 8. c3 O-O-O 9. Qd3 Bg6 10. Qd2 e5 11. dxe5 Nxe5 12. Nxe5 Qxe5 13. Qg5 f5 14. Nd2 Be7 15. Nf3 Qd6 16. Qd2 Qc6 17. Ne5 Qf6 18. Qe2 Rhe8 19. Nxg6 Qxg6 20. Bxd5 Rxd5 21. Qf3 Red8 22. Be3 Rd3 23. Rad1 f4 24. Rxd3 Rxd3 25. Qxf4 Kb8 26. Bd4 Rxh3 27. g4 Qc6 28. f3 Bh4 29. Qf8+   {Black resigns} 1-0

[Event "Team 45 45 League T27"]
[Site "Free Internet Chess Server"]
[Date "2005.07.10"]
[Round "4"]
[White "KlassAct"]
[Black "clarinetref"]
[Result "1-0"]
[WhiteElo "1452"]
[BlackElo "1579"]
[TimeControl "2700+45"]

1. e4 c5 2. Nf3 Nc6 3. Nc3 g6 4. d4 cxd4 5. Nxd4 Bg7 6. Be3 Nf6 7. Nxc6 bxc6 8. Bd3 O-O 9. O-O d5 10. exd5 cxd5 11. Bd4 a6 12. Re1 Re8 13. b3 Qc7 14. Rc1 e6 15. Bxf6 Bxf6 16. Nxd5 Qd8 17. Nxf6+ Qxf6 18. Be4 Ra7 19. Qf3 Qg7 20. Rcd1 f5 21. Bd3 Bb7 22. Qe3 e5 23. Qxa7   {Black resigns} 1-0